 Dungeon Crawl Stone Soup version 0.24.1 (webtiles) character file.

Game seed: 15631683926343483231, levelgen mode: deterministic

1469 Descartes the Magician (level 8, -3/41 HPs)
             Began as a Deep Elf Air Elementalist on Mar 29, 2020.
             Was an Initiate of Dithmenos.
             Slain by an ogre
             ... wielding a +0 giant spiked club
              (15 damage)
             ... on level 6 of the Dungeon.
             The game lasted 00:20:40 (8351 turns).

Descartes the Magician (Deep Elf Air Elementalist)  Turns: 8351, Time: 00:20:41

Health: -3/41      AC: 11    Str:  5    XL:     8   Next: 49%
Magic:  12/19      EV: 12    Int: 26    God:    Dithmenos [......]
Gold:   292        SH:  0    Dex: 19    Spells: 12/20 levels left

rFire    + . .     SeeInvis .   z - +0 dagger (venom)
rCold    . . .     Gourm    .   (no shield)
rNeg     . . .     Faith    .   f - +1 ring mail {rF+}
rPois    +         Spirit   .   s - +0 helmet
rElec    +         Reflect  .   G - +1 cloak of the Orb Guardian {rElec Int+3 Dex+4}
rCorr    .         Harm     .   C - +0 pair of gloves (curse)
MR       .....                  (no boots)
Stlth    +++.......             (no amulet)
HPRegen  0.13/turn              q - ring of poison resistance
MPRegen  0.16/turn              (no ring)

@: no status effects
A: no striking features
a: Renounce Religion


You were on level 6 of the Dungeon.
You worshipped Dithmenos.
Dithmenos was noncommittal.
You were not hungry.

You visited 2 branches of the dungeon, and saw 7 of its levels.

You collected 292 gold pieces.

Inventory:

Hand Weapons
 z - a +0 dagger of venom (weapon)
Missiles
 a - 6 javelins
 i - 233 stones (quivered)
 j - 96 arrows
 o - 41 poisoned darts
 D - 6 boomerangs
Armour
 f - a +1 ring mail of fire resistance (worn)
 s - a +0 helmet (worn)
 C - a cursed +0 pair of gloves (worn)
 G - the +1 cloak of the Orb Guardian (worn) {rElec Int+3 Dex+4}
   (You found it on level 6 of the Dungeon)

   It affects your intelligence (+3).
   It affects your dexterity (+4).
   It insulates you from electricity.
Magical Staves
 k - an uncursed staff of fire
Jewellery
 q - a ring of poison resistance (left hand)
Wands
 m - a wand of flame (16)
 B - a wand of polymorph (6)
Scrolls
 b - 10 scrolls of identify {unknown}
 e - 10 scrolls of remove curse {unknown}
 g - a scroll of enchant weapon {unknown}
 l - a scroll of fear {unknown}
 n - a scroll of teleportation {unknown}
 t - 3 scrolls of enchant armour {unknown}
 v - a scroll of amnesia {unknown}
 w - 2 scrolls of fog {unknown}
 x - a scroll of magic mapping {unknown}
 y - a scroll of immolation {unknown}
 F - a scroll of blinking {unknown}
Potions
 d - a potion of brilliance {unknown}
 p - 3 potions of curing
 r - a potion of mutation {unknown}
 u - a potion of flight {unknown}
 A - a potion of invisibility {unknown}
 E - a potion of degeneration {unknown}
Comestibles
 c - 5 rations


   Skills:
 + Level 3.0 Armour
 + Level 5.8 Dodging
 + Level 6.1 Stealth
 + Level 6.5 Spellcasting
 + Level 4.7 Conjurations
 + Level 5.2 Air Magic


You had 12 spell levels left.
You knew the following spells:

 Your Spells              Type           Power        Failure   Level  Hunger
a - Shock                 Conj/Air       ####         3%          1    None
b - Airstrike             Air            #####.....   32%         4    ###....
c - Static Discharge      Conj/Air       ####....     11%         3    None

Your spell library contained the following spells:

 Spells                   Type           Power        Failure   Level  Hunger
 Swiftness                Chrm/Air       ###.....     14%         2    None
 Beastly Appendage        Tmut           #.....       28%         1    None
 Sticks to Snakes         Tmut           #.......     41%         2    None
 Spider Form              Tmut/Pois      #.........   65%         3    None
 Lightning Bolt           Conj/Air       ####......   71%         5    #####..
 Ice Form                 Ice/Tmut       #.......     96%         4    ###....
 Blade Hands              Tmut           #.........   100%        5    #####..


Dungeon Overview and Level Annotations

Branches:
Dungeon (6/15)             Temple (1/1) D:4

Altars:
Ashenzari
Cheibriados
Dithmenos
Elyvilon
Fedhas
Gozag
Hepliaklqana
Kikubaaqudgha
Makhleb
Nemelex Xobeh
Okawaru
Qazlal
Ru
Trog
Uskayaw
Vehumet
Xom
Yredelemnul
Zin
The Shining One
Lugonu

Annotations:
D:6 Grinder


Message History

Casting: Shock (safe; 3% risk of failure)
Confirm with . or Enter, or press ? or * to list all spells.
Aiming: Shock (safe; 3% risk of failure)
Press: ? - help, Shift-Dir - straight line, f/p - centaur
Aim: a centaur (severely wounded)
The zap hits the ogre.
The ogre is almost dead.
The zap hits the centaur.
The centaur is severely wounded.
Casting: Shock (safe; 3% risk of failure)
Confirm with . or Enter, or press ? or * to list all spells.
Aiming: Shock (safe; 3% risk of failure)
Press: ? - help, Shift-Dir - straight line, f/p - centaur
Aim: a centaur (severely wounded)
The zap hits the ogre.
The ogre is almost dead.
The zap hits the centaur.
The centaur is almost dead.
The ogre hits you with a +0 giant spiked club!
You die...

.# #.#.# ##
#.#.#####
#.#.....#
#.#####.#
#.# #.#
#.## #.#
#.#.## #.#
#.###.###.#
#.# ##@##.#
## ##O###.#
# #c## #.#
#.## #.#
####### #.
#.##.......
#O
#..........
# ..
#..#.######
.# #.
#..#.# #..
c. ....#.#


You could see an ogre and a centaur.

Vanquished Creatures
  2 ice beasts
  An ogre (D:3)
  A phantom (D:5)
  A black bear (D:6)
  An orc warrior (D:3)
  A necrophage (D:6)
  2 bullfrogs
  A wyvern zombie (D:6)
  A scorpion (D:6)
  2 crimson imps (D:5)
  2 hounds (D:6)
  An orc wizard (D:3)
  An orc priest (D:3)
  3 iguanas
  Ijyb (D:2)
  Terence (D:2)
  3 worker ants
  A killer bee zombie (D:5)
  A hound skeleton (D:5)
  A worker ant zombie (D:5)
  Robin (D:2)
  7 adders
  An ooze (D:1)
  5 worms
  2 leopard geckos (D:3)
  8 orcs
  3 bats
  3 giant cockroaches
  22 goblins
  7 hobgoblins
  11 jackals
  A quokka (D:3)
  2 ball pythons
  A ball python skeleton (D:4)
  2 frilled lizards
  5 kobolds
  A leopard gecko zombie (D:5)
  4 rats
  A spectral orc (D:5)
115 creatures vanquished.

Vanquished Creatures (others)
  A wizard (D:3)
1 creature vanquished.

Grand Total: 116 creatures vanquished

Notes
Turn   | Place    | Note
-------+----------+-------------------------------------------
     0 | D:1      | Descartes the Deep Elf Air Elementalist began the quest for
                  | the Orb.
     0 | D:1      | Reached XP level 1. HP: 10/10 MP: 6/6
   292 | D:1      | Reached XP level 2. HP: 15/15 MP: 0/8
  1307 | D:2      | Reached XP level 3. HP: 19/19 MP: 2/9
  1524 | D:2      | Found an ancient bone altar of Kikubaaqudgha.
  1734 | D:2      | Found a sacrificial altar of Ru.
  1734 | D:2      | Found a white marble altar of Elyvilon.
  1737 | D:2      | Found a shimmering altar of Xom.
  1737 | D:2      | Noticed Terence
  2626 | D:2      | Found a blossoming altar of Fedhas.
  2626 | D:2      | Found a glowing silver altar of Zin.
  2627 | D:2      | Found an opulent altar of Gozag.
  2670 | D:2      | Reached XP level 4. HP: 22/24 MP: 3/11
  2983 | D:2      | Noticed Robin
  2989 | D:2      | Killed Robin
  3118 | D:2      | Found a glowing golden altar of the Shining One.
  3217 | D:3      | Noticed an orc warrior
  3223 | D:3      | Killed an orc warrior
  3223 | D:3      | Reached skill level 1 in Armour
  3223 | D:3      | Reached XP level 5. HP: 28/28 MP: 5/13
  3416 | D:3      | Found a bloodstained altar of Trog.
  3417 | D:3      | Noticed a wizard
  3421 | D:3      | Killed a wizard
  3450 | D:3      | Reached XP level 6. HP: 18/32 MP: 7/14
  3995 | D:3      | Found an iron altar of Okawaru.
  4016 | D:3      | Learned a level 4 spell: Airstrike
  4020 | D:3      | Learned a level 3 spell: Static Discharge
  4586 | D:3      | Noticed Ijyb
  4889 | D:2      | Killed Terence
  4960 | D:2      | Killed Ijyb
  5194 | D:4      | Found a staircase to the Ecumenical Temple.
  5227 | D:3      | Reached skill level 5 in Spellcasting
  5360 | D:4      | Found a hide-covered altar of Uskayaw.
  5563 | D:4      | Reached XP level 7. HP: 20/36 MP: 4/16
  5963 | D:4      | Found a shattered altar of Ashenzari.
  5999 | Temple   | Entered the Ecumenical Temple
  6035 | Temple   | Became a worshipper of Dithmenos the Shadowed
  6080 | D:5      | Entered Level 5 of the Dungeon
  6497 | D:5      | You fall into a shaft and drop 1 floor!
  6818 | D:5      | Found a burning altar of Makhleb.
  6821 | D:5      | Found a radiant altar of Vehumet.
  6830 | D:5      | Reached skill level 5 in Stealth
  7433 | D:5      | Found a basalt altar of Yredelemnul.
  7501 | D:5      | Reached skill level 5 in Dodging
  7670 | D:6      | Got a brightly glowing cloak
  7695 | D:6      | Reached XP level 8. HP: 41/41 MP: 10/19
  7757 | D:6      | Identified the +1 cloak of the Orb Guardian {rElec Int+3
                  | Dex+4} (You found it on level 6 of the Dungeon)
  7913 | D:6      | Reached skill level 5 in Air Magic
  8309 | D:6      | Noticed Grinder
  8351 | D:6      | Slain by an ogre

Levels and vault maps discovered:
D:1:      eino_arrival_cavern_e, layout_basic
D:2:      layout_basic, grunt_temple_overflow_open,
          lemuel_coloured_pillars_altar, uniq_robin, uniq_terence
D:3:      kennysheep_goblin_castle, layout_loops_cross,
          okawaru_metal_pillars_1_2, serial_bayou_pond_b, trog_wizard
D:4:      layout_rooms, overflow_temple_1_default, kennysheep_little_box,
          temple_pool_b, first_ration
D:5:      layout_loops_ring, grunt_temple_overflow_lords_of_destruction,
          yredelemnul_forgotten_temple_becter
D:6:      layout_loops_ring, serial_shops, nicolae_shop_window_shopping,
          uniq_grinder
Temple:   corrupted_temple

Skill      XL: |  1  2  3  4  5  6  7  8 |
---------------+-------------------------+-----
Stealth        | 3 4 5 6 |  6.1
Dodging        | 3 4 5 |  5.8
Conjurations   | 2 3 4 |  4.7
Spellcasting   | 4 5 6 |  6.5
Armour         | 1 2 3 |  3.0
Air Magic      | 4 5 |  5.2

Action                   |  1- 3 |  4- 6 |  7- 9 || total
-------------------------+-------+-------+-------++-------
Melee: Unarmed           |    12 |       |       ||    12
       Staff             |     4 |     9 |       ||    13
       Dagger            |       |       |     5 ||     5
 Cast: Shock             |   101 |   153 |   126 ||   380
Evoke: Wand              |       |       |     3 ||     3
  Eat: Chunk             |     5 |     8 |     1 ||    14
       Ration            |       |       |     3 ||     3
Armor: Robe              |     6 |       |       ||     6
       Ring mail         |    12 |    23 |    24 ||    59
Dodge: Dodged            |    21 |    23 |    43 ||    87
